 Dungeon Crawl Stone Soup version 0.24.0 (webtiles) character file.

Game seed: 13606986151721334741, levelgen mode: deterministic

123 RonnieColeman the Conjurer (level 5, -6/31 HPs)
             Began as an Octopode Conjurer on May 31, 2020.
             Killed by divine providence
             ... invoked by an orc priest
              (12 damage)
             ... on level 3 of the Dungeon on June 30, 2020.
             The game lasted 00:09:20 (2706 turns).

RonnieColeman the Conjurer (Octopode Conjurer)      Turns: 2706, Time: 00:09:20

Health: -6/31      AC:  1    Str:  7    XL:     5   Next: 7%
Magic:  4/11       EV: 13    Int: 23    God:
Gold:   172        SH:  0    Dex: 12    Spells: 11/12 levels left

rFire    . . .     SeeInvis .   p - staff of energy
rCold    . . .     Gourm    .   (no shield)
rNeg     . . .     Faith    .   (helmet restricted)
rPois    .         Spirit   .   (no amulet)
rElec    .         Reflect  .   f - +4 ring of intelligence
rCorr    .         Harm     .   (no ring)
MR       .....                  (no ring)
Stlth    +++.......             (no ring)
HPRegen  0.10/turn              (no ring)
MPRegen  0.12/turn              (no ring)
                                (no ring)
                                (no ring)

@: no status effects
A: almost no armour, stealthy swim, amphibious, 8 rings, constrict 8, camouflage
1, gelatinous body 1
a: no special abilities


You were on level 3 of the Dungeon.
You were hungry.

You visited 1 branch of the dungeon, and saw 3 of its levels.

You collected 172 gold pieces.

Inventory:

Hand Weapons
 a - a +0 short sword
Magical Staves
 p - an uncursed staff of energy (weapon)
Jewellery
 f - a +4 ring of intelligence (left tentacle)
 s - an uncursed ring of positive energy {unknown}
Scrolls
 c - 2 scrolls of teleportation {unknown}
 e - 2 scrolls of magic mapping {unknown}
 g - a scroll of amnesia {unknown}
 j - 2 scrolls of fog {unknown}
 k - 2 scrolls of identify {unknown}
 l - 2 scrolls of random uselessness {unknown}
 n - a scroll of immolation {unknown}
 o - a scroll of noise {unknown}
 q - a scroll of enchant armour {unknown}
 r - a scroll of remove curse {unknown}
Potions
 d - a potion of might {unknown}
 h - a potion of cancellation {unknown}
 i - a potion of agility {unknown}
 m - a potion of lignification {unknown}
 t - a potion of invisibility {unknown}
Comestibles
 b - 5 rations


   Skills:
 - Level 2.0 Dodging
 - Level 2.6 Stealth
 * Level 4.0 Spellcasting
 + Level 4.7 Conjurations


You had 11 spell levels left.
You knew the following spells:

 Your Spells              Type           Power        Failure   Level  Hunger
a - Magic Dart            Conj           ####         1%          1    None

Your spell library contained the following spells:

 Spells                   Type           Power        Failure   Level  Hunger
 Searing Ray              Conj           ####..       2%          2    None
 Dazzling Spray           Conj/Hex       ###...       12%         3    None
 Iskenderun's Mystic Bla  Conj           ####....     14%         4    None
 Force Lance              Conj/Tloc      ###.....     36%         4    None
 Fulminant Prism          Conj/Hex       ###.......   36%         4    None


Dungeon Overview and Level Annotations

Branches:
Dungeon (3/15)

Altars:


Innate Abilities, Weirdness & Mutations

You cannot wear most types of armour.
You are very stealthy in the water. (Stealth+)
You are amphibious.
You can wear up to eight rings at the same time.
You can use your tentacles to constrict eight enemies at once.
Your skin changes colour to match your surroundings (Stealth+).
Your rubbery body absorbs attacks. (AC +1, EV +1)


Message History

Press: ? - help, Shift-Dir - straight line, f/p - orc warrior
Aim: an orc warrior, wielding a +0 war axe and wearing a +0 plate armour (heavily wounded)
The magic dart hits the orc warrior but does no damage.
The orc warrior is heavily wounded.
The orc warrior completely misses you.
A rat comes into view.
The orc wizard hits you with a +0 dagger.
The orc wizard mumbles some strange words.
The orc wizard blinks!
The orc priest mumbles some strange prayers to Beogh against you.
Beogh smites you!
The orc priest begins to cast a cantrip, but forgets the words!
The orc wizard gestures wildly while chanting.
The orc wizard blinks!
The orc priest invokes the aid of Beogh against you.
Beogh smites you!
* * * LOW HITPOINT WARNING * * *
The orc priest invokes the aid of Beogh against you.
Beogh smites you!
You die...

#..# #..........##.######.>
##.###############...oo#
†....#....# #.....#####
#.........########.........#
#####.....#............#####
#.....#.......o....#
##..........##o....#
#...<......#......#
#.............@..)####
.....#...........###.#
..............(........###
............#............#
...................###.### .
. .....#..##.[.......# .
......#............## ###.
.###.#.....#.....# # ..
#...<.....#....##


You could see an orc warrior, an orc priest, an orc wizard and an orc.

Vanquished Creatures
  An orc priest (D:3)
  A worm (D:3)
  6 dart slugs
  3 leopard geckos (D:1)
  3 orcs
  2 giant cockroaches (D:1)
  12 hobgoblins
  2 quokkas (D:2)
  2 ball pythons (D:2)
  6 bats
  6 frilled lizards
  10 goblins
  9 kobolds
  13 rats
76 creatures vanquished.

Notes
Turn   | Place    | Note
-------+----------+-------------------------------------------
     0 | D:1      | RonnieColeman the Octopode Conjurer began the quest for the
                  | Orb.
     0 | D:1      | Reached XP level 1. HP: 11/11 MP: 3/3
   341 | D:1      | Reached XP level 2. HP: 9/17 MP: 5/5
   777 | D:1      | Reached XP level 3. HP: 21/21 MP: 1/7
  1578 | D:2      | Reached XP level 4. HP: 27/27 MP: 5/9
  1663 | D:2      | Found a faded altar of an unknown god.
  2370 | D:3      | Reached XP level 5. HP: 29/31 MP: 1/11
  2687 | D:3      | Noticed an orc warrior
  2706 | D:3      | Killed from afar by an orc priest

Levels and vault maps discovered:
D:1:      dpeg_arrival_ratfight, layout_loops_ring
D:2:      layout_basic, first_ration, chequers_ecumenical_altar_simple_redux,
          hex_large, lightli_corner_chamber
D:3:      minmay_octagon_keep, layout_rooms
